 Dungeon Crawl Stone Soup version 0.22.1-6-g1668fe2c40 (webtiles) character file.

193853 Rediskos the Warrior (level 18, -10/171 HPs)
             Began as a Hill Orc Fighter on Jan 18, 2019.
             Was an Elder of Qazlal.
             Shot with an arrow by a deep elf archer (12 damage)
             ... on level 3 of the Elven Halls.
             The game lasted 01:49:50 (38334 turns).

Rediskos the Warrior (Hill Orc Fighter)            Turns: 38334, Time: 01:49:50

Health: -10/171    AC: 28    Str: 31      XL:     18   Next: 28%
Magic:  0/30       EV: 16    Int:  7 (10) God:    Qazlal [****..]
Gold:   544        SH: 22    Dex: 14      Spells: 17/17 levels left

rFire    . . .     SeeInvis .   m - +11 war axe of Gallantry {flame, +Rage Str+2 Int-5}
rCold    . . .     Gourm    .   c - +1 shield
rNeg     . . .     Faith    .   T - +1 plate armour of Fortification {rCorr Stlth+}
rPois    +         Spirit   +   X - +2 hat {MR+}
rElec    .         Reflect  .   A - +0 cloak
rCorr    +         Harm     .   U - +2 pair of gloves {Str+3}
MR       ++...                  K - +3 pair of boots "Iceabrit" {rPois Int+7}
Stlth    ..........             j - amulet of guardian spirit
HPRegen  0.00/turn              L - +3 ring of dexterity
MPRegen  0.22/turn              g - +5 ring of evasion

@: drained, repel missiles
A: inhibited regeneration
}: 1/15 runes: serpentine
a: Upheaval, Elemental Force, Renounce Religion, Evoke Berserk Rage


You were on level 3 of the Elven Halls.
You worshipped Qazlal.
Qazlal was greatly pleased with you.
You were not hungry.

You visited 7 branches of the dungeon, and saw 27 of its levels.
You also visited: Ice Cave.

You collected 2978 gold pieces.
You spent 2434 gold pieces at shops.

Inventory:

Hand Weapons
 a - a +3 trident of freezing
 m - the +11 war axe of Gallantry (weapon) {flame, +Rage Str+2 Int-5}
   (You found it on level 1 of the Elven Halls)

   It has been specially enchanted to burn those struck by it, causing extra
   injury to most foes and up to half again as much damage against particularly
   susceptible opponents.
   Big, fiery blades are also staple armaments of hydra-hunters.
   It affects your strength (+2).
   It affects your intelligence (-5).
   It lets you go berserk.
Missiles
 b - 3 curare-tipped needles
Armour
 c - a +1 shield (worn)
 A - a +0 cloak (worn)
 K - the +3 pair of boots "Iceabrit" (worn) {rPois Int+7}
   (You bought it in a shop on level 4 of the Snake Pit)

   It affects your intelligence (+7).
   It protects you from poison.
 T - the +1 plate armour of Fortification (worn) {rCorr Stlth+}
   (You bought it in a shop on level 2 of the Orcish Mines)

   It provides partial protection from all sources of acid and corrosion.
   It makes you more stealthy.
 U - a +2 pair of gloves of strength (worn)
 X - a +2 hat of magic resistance (worn)
Jewellery
 g - a +5 ring of evasion (right hand)
 j - an amulet of guardian spirit (around neck)
 L - a +3 ring of dexterity (left hand)
 S - an uncursed ring of ice
Wands
 E - a wand of digging (8)
 H - a wand of clouds (4)
 N - a wand of iceblast (22)
 P - a wand of scattershot (4)
 W - a wand of enslavement (13)
Scrolls
 l - 3 scrolls of fear
 r - 4 scrolls of random uselessness
 t - 2 scrolls of silence {unknown}
 w - 2 scrolls of enchant weapon
 x - 7 scrolls of remove curse
 y - a scroll of enchant armour
 D - 2 scrolls of teleportation
 F - 2 scrolls of immolation
 I - 5 scrolls of blinking
 M - 4 scrolls of magic mapping
 Q - 6 scrolls of amnesia
 V - a scroll of holy word {unknown}
 Y - a scroll of noise {unknown}
Potions
 d - 2 potions of might
 h - 6 potions of curing
 n - 2 potions of ambrosia
 o - 2 potions of brilliance
 p - 4 potions of flight
 q - a potion of magic
 s - a potion of agility {unknown}
 u - 3 potions of cancellation
 v - a potion of mutation {unknown}
 z - a potion of berserk rage {unknown}
 B - a potion of resistance
 C - 2 potions of heal wounds
 O - a potion of haste
 R - 3 potions of invisibility
Comestibles
 e - 34 rations
 f - 7 chunks of flesh


   Skills:
 + Level 17.9(17.8) Fighting
 + Level 5.3(11.9) Axes
 - Level 14.0(14.1) Polearms
 + Level 13.3(13.2) Armour
 - Level 5.0(4.9) Dodging
 + Level 16.6(16.5) Shields
 + Level 17.6(17.5) Invocations
 - Level 5.0(4.9) Evocations


You had 17 spell levels left.
You didn't know any spells.
Your spell library contained the following spells:

 Spells                   Type           Power        Failure   Level  Hunger
 Beastly Appendage        Tmut           #.....       95%         1    ##.....
 Confusing Touch          Hex            #.....       95%         1    ##.....
 Corona                   Hex            #......      95%         1    ##.....
 Magic Dart               Conj           #...         95%         1    ##.....
 Summon Small Mammal      Summ           #...         95%         1    ##.....
 Ensorcelled Hibernation  Hex/Ice        #.....       99%         2    ###....
 Poisonous Vapours        Pois/Air       #.....       99%         2    ###....
 Searing Ray              Conj           #.....       99%         2    ###....
 Sticks to Snakes         Tmut           #.......     99%         2    ###....
 Confuse                  Hex            #.......     100%        3    ####...
 Conjure Flame            Conj/Fire      #.......     100%        3    ####...
 Dazzling Spray           Conj/Hex       #.....       100%        3    ####...
 Gell's Gravitas          Tloc           #.........   100%        3    ####...
 Mephitic Cloud           Conj/Pois/Air  #.......     100%        3    ####...
 Recall                   Summ/Tloc      N/A          100%        3    ####...
 Spider Form              Tmut/Pois      #.........   100%        3    ####...
 Summon Guardian Golem    Hex/Summ       #.......     100%        3    ####...
 Tukima's Dance           Hex            #.......     100%        3    ####...
 Animate Dead             Necr           N/A          100%        4    #####..
 Force Lance              Conj/Tloc      #.......     100%        4    #####..
 Fulminant Prism          Conj/Hex       #.........   100%        4    #####..
 Ice Form                 Ice/Tmut       #.......     100%        4    #####..
 Iskenderun's Mystic Bla  Conj           #.......     100%        4    #####..
 Petrify                  Tmut/Erth      #.......     100%        4    #####..
 Blade Hands              Tmut           #.........   100%        5    ######.
 Borgnjor's Vile Clutch   Necr/Erth      #.........   100%        5    ######.
 Irradiate                Conj/Tmut      #.........   100%        5    ######.
 Metabolic Englaciation   Hex/Ice        #.........   100%        5    ######.
 Summon Forest            Summ/Tloc      #.........   100%        5    ######.
 Yara's Violent Unravell  Hex/Tmut       #.........   100%        5    ######.
 Bolt of Cold             Conj/Ice       #.........   100%        6    #######
 Death Channel            Necr           #.........   100%        6    #######
 Freezing Cloud           Conj/Ice/Air   #.........   100%        6    #######
 Ozocubu's Refrigeration  Ice            #.........   100%        6    #######
 Simulacrum               Ice/Necr       #.........   100%        6    #######
 Statue Form              Tmut/Erth      #........    100%        6    #######
 Ring of Flames           Chrm/Fire      #.........   100%        7    #######
 Spellforged Servitor     Conj/Summ      #.........   100%        7    #######


Dungeon Overview and Level Annotations

Branches:
Dungeon (10/15)            Temple (1/1) D:7            Lair (6/6) D:8
 Shoals (1/4) Lair:2        Snake (4/4) Lair:3        Slime (0/5) Lair:6
    Orc (2/2) D:9             Elf (3/3) Orc:2

Altars:
Ashenzari
Cheibriados
Dithmenos
Elyvilon
Fedhas
Gozag
Hepliaklqana
Kikubaaqudgha
Makhleb
Nemelex Xobeh
Okawaru
Qazlal
Ru
Sif Muna
Trog
Uskayaw
Vehumet
Wu Jian
Xom
Yredelemnul
Zin
The Shining One
Beogh

Shops:
Orc:2 !?:[   Elf:3 }==   Snake:4 **[

Annotations:
D:5 Prince Ribbit
Lair:1 exclusion: 4 oklob plants
Snake:2 2 transporters, Lippabiu's ghost, journeyman DDFi
Elf:2 3 runed doors


Innate Abilities, Weirdness & Mutations

You do not regenerate when monsters are visible.


Message History

Qazlal accepts your kill.
You feel your intelligence returning.
You slash the earth elemental! You hit the earth elemental.
The deep elf elementalist is empowered by the deep elf high priest's aura!
The deep elf demonologist is empowered by the deep elf high priest's aura!
The deep elf death mage is empowered by the deep elf high priest's aura! x2
The deep elf archer is empowered by the deep elf high priest's aura! x2
The deep elf mage is empowered by the deep elf high priest's aura!
The deep elf archer is empowered by the deep elf high priest's aura!
The deep elf elementalist is engulfed in blazing flames.
You kill the deep elf elementalist!
Qazlal accepts your kill.
The earth elemental disappears in a puff of smoke! x6
The deep elf archer unwields an uncursed short sword.
The deep elf archer wields an uncursed glowing shortbow.
The deep elf archer shoots an arrow.
The arrow misses you.
The deep elf archer unwields an uncursed dagger.
The deep elf archer wields an uncursed runed shortbow.
It bursts into flame!
The deep elf archer shoots an arrow.
The arrow hits you!
You die...

###..######<####..(#.## #..###
###..# #.).)'....########.)...
.....# #.####(....##.....[..##
###..# #.# #....)[#)[.......#
#*#..######.####(....#).#####..##
.,<..........).'.....)).#####''##
###..######...§'§....)).##.......
**#### ##..§§§........'....... ,*
##('.§@§(e.#.###....... ,*
##...e)e§§'##.###....).. ,*
#....ee§...##...'......# ,*
.e.....e('......'.....##
***#############e2#.##.###....##
,,,.......*ee((ee(*.##.# ######
,,8..8....e).#*e....#*,*
,,,....e...#......#.#*,*
**+####...##.e....#...,*


You could see a deep elf master archer, a deep elf annihilator, 2 deep elf death
magi, a deep elf demonologist, 4 deep elf archers, a deep elf high priest, a
deep elf mage, a tormentor and a battlesphere.

Vanquished Creatures
  Roxanne (Elf:2)
  6 deep elf sorcerers
  8 nagarajas
  5 deep elf elementalists
  A deep elf demonologist (Elf:3)
  3 deep elf annihilators (Elf:3)
  2 deep elf death magi (Elf:3)
  Erolcha (Orc:2)
  A deep elf high priest (Elf:3)
  A merfolk impaler (Shoals:1)
  5 hydras
  2 merfolk avatars (Shoals:1)
  An ogre mage (Orc:2)
  14 naga warriors
  2 two-headed ogres
  7 anacondas
  A tengu warrior (Lair:2)
  13 dancing weapons
  10 shock serpents
  2 orc high priests
  14 naga sharpshooters
  16 deep elf knights
  6 sea snakes
  7 deep elf archers
  9 naga ritualists
  Pikel (D:6)
  7 mana vipers
  2 manticores
  48 deep elf magi
  A cyclops (Shoals:1)
  9 orc sorcerers
  4 salamanders
  A faun (Shoals:1)
  3 elephants
  A merfolk siren (Shoals:1)
  10 naga magi
  5 guardian serpents
  2 ice statues (IceCv)
  30 black mambas
  A centaur zombie (D:10)
  7 spiny frogs
  7 komodo dragons
  7 rime drakes
  2 merfolk (Shoals:1)
  2 trolls (Orc:1)
  3 hornets (Lair:6)
  6 polar bears
  Grinder (D:5)
  7 dream sheep
  10 blink frogs
  A wind drake (Shoals:1)
  4 hippogriffs
  An air elemental (Elf:2)
  Sigmund (D:4)
  13 spriggans (Lair:6)
  10 yaks
  2 water elementals
  A basilisk (Lair:3)
  A fire elemental (Elf:3)
  7 wargs
  65 nagas
  7 porcupines
  11 water moccasins
  5 black bears
  13 orc warriors
  A phantom (D:4)
  A slave (D:7)
  An ice beast (shapeshifter) (Elf:1)
  17 ice beasts
  A necrophage (D:8)
  8 ogres
  5 boggarts (Lair:6)
  19 wolves (Lair:6)
  5 centaurs
  8 crocodiles
  3 big kobolds (D:8)
  9 bullfrogs
  4 scorpions
  51 killer bees
  An electric eel (Snake:2)
  4 howler monkeys
  4 crimson imps
  A bullfrog zombie (D:7)
  3 bullfrog skeletons
  3 hounds
  12 orc priests
  39 orc wizards
  Crazy Yiuf (D:4)
  2 iguanas
  A worker ant (D:5)
  A hound zombie (D:5)
  A hound skeleton (D:4)
  12 adders
  2 oozes (D:1)
  An adder skeleton (D:4)
  An adder zombie (D:5)
  2 worms (D:2)
  3 dart slugs
  6 leopard geckos
  84 orcs
  3 ball pythons
  9 giant cockroaches
  13 goblins
  13 hobgoblins
  3 jackals (D:6)
  4 kobolds
  6 quokkas
  7 bats
  2 frilled lizards
  A leopard gecko skeleton (D:7)
  A quokka skeleton (D:5)
  7 rats
  4 butterflies
847 creatures vanquished.

Vanquished Creatures (collateral kills)
  Gastronok (Lair:3)
  2 nagarajas
  2 ice dragons (IceCv)
  2 naga sharpshooters
  A salamander mystic (Snake:4)
  A sea snake (Shoals:1)
  3 deep elf magi
  A naga mage (Snake:3)
  2 black mambas (Snake:3)
  A tengu conjurer (Shoals:1)
  2 merfolk (Shoals:1)
  2 nagas (Snake:4)
  An orc warrior (Orc:2)
  An orc priest (Orc:2)
  An orc (Orc:2)
23 creatures vanquished.

Vanquished Creatures (others)
  A deep elf knight (Elf:3)
  A deep elf mage (Elf:3)
  A wind drake (Shoals:1)
  3 orc priests
  An orc (D:7)
  A leopard gecko zombie (D:7)
  2 fungi
  7 plants
17 creatures vanquished.

Grand Total: 887 creatures vanquished

Notes
Turn   | Place    | Note
-------+----------+-------------------------------------------
     0 | D:1      | Rediskos the Hill Orc Fighter began the quest for the Orb.
     0 | D:1      | Reached XP level 1. HP: 19/19 MP: 1/1
   225 | D:1      | Reached XP level 2. HP: 27/27 MP: 2/2
   654 | D:1      | Reached XP level 3. HP: 33/33 MP: 3/3
  1187 | D:2      | Reached XP level 4. HP: 6/40 MP: 4/4
  1212 | D:2      | HP: 3/60 [poisoned by an adder]
  2149 | D:2      | Found an opulent altar of Gozag.
  2634 | D:3      | Reached XP level 5. HP: 43/47 MP: 5/5
  3287 | D:3      | Reached XP level 6. HP: 51/53 MP: 6/6
  4096 | D:4      | Reached skill level 5 in Polearms
  4131 | D:4      | Reached skill level 5 in Fighting
  4528 | D:4      | Noticed a phantom
  4567 | D:4      | Killed a phantom
  4567 | D:4      | Reached skill level 5 in Shields
  4567 | D:4      | Reached XP level 7. HP: 52/61 MP: 7/7
  4589 | D:4      | Noticed Sigmund
  4596 | D:4      | Killed Sigmund
  4661 | D:4      | Found a runed door.
  5041 | D:4      | Noticed Crazy Yiuf
  5044 | D:4      | Killed Crazy Yiuf
  5087 | D:5      | Entered Level 5 of the Dungeon
  5325 | D:5      | Found a burning altar of Makhleb.
  5325 | D:5      | Found a glowing silver altar of Zin.
  5326 | D:5      | Noticed an angel
  5326 | D:5      | Noticed a cacodemon
  5511 | D:5      | Reached XP level 8. HP: 55/70 MP: 8/8
  5618 | D:5      | Noticed Prince Ribbit
  6029 | D:5      | Noticed Grinder
  6041 | D:5      | Paralysed by Grinder for 2 turns
  6074 | D:5      | Killed Grinder
  7469 | D:6      | Reached XP level 9. HP: 76/79 MP: 9/9
  7636 | D:7      | Noticed Pikel
  7700 | D:6      | Killed Pikel
  8143 | D:7      | Found a staircase to the Ecumenical Temple.
  8148 | Temple   | Entered the Ecumenical Temple
  8357 | D:7      | Found a faded altar of an unknown god.
  8357 | D:7      | Found a hide-covered altar of Uskayaw.
  8378 | D:7      | Found a stormy altar of Qazlal.
  8408 | D:7      | Reached skill level 10 in Polearms
  8467 | D:7      | Found a sparkling altar of Nemelex Xobeh.
  8468 | D:7      | Found a faded altar of an unknown god.
  8471 | D:7      | Became a worshipper of Qazlal Stormbringer
  8686 | D:8      | Found a staircase to the Lair.
  8687 | D:8      | Noticed a komodo dragon
  8737 | D:8      | Killed a komodo dragon
  8737 | D:8      | Reached skill level 1 in Invocations
  9304 | D:8      | Found an iron altar of Okawaru.
  9328 | D:8      | Reached XP level 10. HP: 81/90 MP: 11/11
 10584 | D:8      | Noticed a three-headed hydra
 10604 | D:8      | Killed a three-headed hydra
 10609 | D:8      | Reached * piety under Qazlal
 10778 | D:9      | Reached skill level 5 in Invocations
 11478 | D:9      | Reached ** piety under Qazlal
 11740 | D:9      | Reached XP level 11. HP: 98/99 MP: 15/15
 11802 | D:9      | Reached skill level 10 in Fighting
 11878 | D:9      | Found a staircase to the Orcish Mines.
 11935 | D:9      | Found a roughly hewn altar of Beogh.
 12135 | D:10     | Entered Level 10 of the Dungeon
 12206 | Lair:1   | Entered Level 1 of the Lair of Beasts
 12324 | Lair:1   | Noticed an oklob plant
 12324 | Lair:1   | Noticed an oklob plant
 12324 | Lair:1   | Noticed an oklob plant
 12829 | Lair:1   | Noticed an oklob plant
 12863 | Lair:2   | Noticed a five-headed hydra
 12898 | Lair:2   | Found a staircase to the Shoals.
 12898 | Lair:2   | Noticed a manticore
 12898 | Lair:2   | Noticed an eight-headed hydra
 13394 | Lair:1   | Reached *** piety under Qazlal
 13501 | Lair:1   | Killed a five-headed hydra
 13628 | Lair:2   | Reached skill level 10 in Shields
 13987 | Lair:2   | Killed an eight-headed hydra
 14074 | Lair:2   | Killed a manticore
 14219 | Lair:2   | Reached XP level 12. HP: 110/110 MP: 18/18
 14960 | Lair:2   | Reached **** piety under Qazlal
 15480 | Lair:3   | Found a staircase to the Snake Pit.
 15641 | Lair:3   | Noticed Gastronok
 15656 | Lair:3   | Killed Gastronok
 15790 | Lair:3   | Reached skill level 5 in Armour
 16570 | Lair:4   | Reached skill level 10 in Invocations
 17318 | Lair:5   | Reached XP level 13. HP: 118/118 MP: 20/20
 18040 | Lair:6   | Entered Level 6 of the Lair of Beasts
 18042 | Lair:6   | Found a frozen archway.
 18065 | IceCv    | Entered an ice cave
 18688 | IceCv    | Noticed an ice dragon
 18713 | IceCv    | Noticed an ice dragon
 18722 | IceCv    | Killed an ice dragon
 18725 | IceCv    | Killed an ice dragon
 19671 | Lair:6   | Reached ***** piety under Qazlal
 20705 | Lair:6   | Found a staircase to the Slime Pits.
 20916 | Orc:1    | Entered Level 1 of the Orcish Mines
 21020 | Orc:1    | Reached XP level 14. HP: 124/129 MP: 20/23
 21341 | Orc:2    | Entered Level 2 of the Orcish Mines
 21679 | Orc:2    | Found a staircase to the Elven Halls.
 21838 | Orc:2    | Paralysed by an orc sorcerer for 3 turns
 21856 | Orc:2    | Found Awemoso's Antique Armour Shop.
 21887 | Orc:2    | Noticed Erolcha
 21898 | Orc:2    | Killed Erolcha
 21961 | Orc:2    | Found a radiant altar of Vehumet.
 22007 | Orc:2    | Found Roceh's Magic Scroll Boutique.
 22014 | Orc:2    | Bought a scroll of teleportation for 42 gold pieces
 22014 | Orc:2    | Bought a scroll of magic mapping for 49 gold pieces
 22014 | Orc:2    | Bought a scroll of magic mapping for 49 gold pieces
 22014 | Orc:2    | Bought a scroll of teleportation for 42 gold pieces
 22014 | Orc:2    | Bought a scroll of teleportation for 42 gold pieces
 22014 | Orc:2    | Bought a scroll of identify for 28 gold pieces
 22014 | Orc:2    | Bought a scroll of identify for 28 gold pieces
 22028 | Orc:2    | Paralysed by an orc sorcerer for 7 turns
 22040 | Orc:2    | Found an ancient bone altar of Kikubaaqudgha.
 22698 | Orc:2    | Found a roughly hewn altar of Beogh.
 22698 | Orc:2    | Found Fusautost's Distillery.
 22714 | Orc:2    | Found Ihextusaty's Book Shop.
 22716 | Orc:2    | Bought a potion of curing for 36 gold pieces
 22716 | Orc:2    | Bought a potion of curing for 36 gold pieces
 22716 | Orc:2    | Bought a potion of invisibility for 96 gold pieces
 22716 | Orc:2    | Bought a potion of heal wounds for 60 gold pieces
 22716 | Orc:2    | Bought 2 potions of heal wounds for 120 gold pieces
 22964 | Snake:1  | Entered Level 1 of the Snake Pit
 24625 | Snake:2  | Found an opulent altar of Gozag.
 24790 | Snake:2  | Reached skill level 10 in Armour
 24798 | Snake:2  | Found a transporter.
 24805 | Snake:2  | Noticed Lippabiu's ghost (journeyman DDFi)
 25756 | Snake:2  | Found a transporter.
 25796 | Snake:2  | Reached XP level 15. HP: 130/139 MP: 22/25
 26804 | Snake:3  | Noticed a nagaraja
 26814 | Snake:2  | Reached skill level 15 in Fighting
 27014 | Snake:3  | Noticed a nagaraja
 27193 | Snake:3  | Killed a nagaraja
 28032 | Snake:3  | HP: 7/141 [nagaraja/halberd (4)]
 28034 | Snake:3  | Killed a nagaraja
 29172 | Snake:3  | Reached skill level 1 in Evocations
 29174 | Snake:3  | Got a pair of shimmering gloves
 29185 | Snake:3  | Identified the cursed -2 pair of gloves of Refuge {rPois}
                  | (You found it on level 3 of the Snake Pit)
 29221 | Snake:3  | Reached skill level 1 in Dodging
 29717 | Snake:4  | Entered Level 4 of the Snake Pit
 30555 | Snake:4  | Reached skill level 15 in Invocations
 30659 | Snake:4  | Noticed a nagaraja
 30674 | Snake:4  | Noticed a nagaraja
 30679 | Snake:4  | Killed a nagaraja
 30685 | Snake:4  | Killed a nagaraja
 30685 | Snake:4  | Reached XP level 16. HP: 127/151 MP: 22/27
 30686 | Snake:4  | Noticed a nagaraja
 30697 | Snake:4  | Killed a nagaraja
 30888 | Snake:4  | Noticed a nagaraja
 30910 | Snake:4  | Killed a nagaraja
 31113 | Snake:4  | Noticed a nagaraja
 31137 | Snake:4  | Killed a nagaraja
 31349 | Snake:4  | Reached skill level 15 in Shields
 31354 | Snake:4  | Noticed a nagaraja
 31366 | Snake:4  | Killed a nagaraja
 31372 | Snake:4  | Noticed a nagaraja
 32119 | Snake:4  | Reached skill level 5 in Evocations
 32149 | Snake:4  | Killed a nagaraja
 32236 | Snake:4  | Noticed a nagaraja
 32249 | Snake:4  | Killed a nagaraja
 32618 | Snake:4  | Got a serpentine rune of Zot
 32686 | Snake:4  | Found Vuoskill's Armour Emporium.
 32689 | Snake:4  | Found Qossodit's Assorted Antiques.
 32759 | Snake:4  | Bought a potion of might for 104 gold pieces
 32808 | Snake:4  | Found Juolulun's Assorted Antiques.
 33154 | Snake:4  | Bought the +3 pair of boots "Iceabrit" {rPois Int+7} for
                  | 862 gold pieces
 33386 | Orc:2    | Bought a faintly humming plate armour for 840 gold pieces
 33396 | Orc:2    | Identified the +1 plate armour of Fortification {rCorr
                  | Stlth+} (You bought it in a shop on level 2 of the Orcish
                  | Mines)
 33609 | Shoals:1 | Entered Level 1 of the Shoals
 33728 | Shoals:1 | Reached skill level 5 in Dodging
 34309 | Elf:1    | Entered Level 1 of the Elven Halls
 34335 | Elf:1    | Reached XP level 17. HP: 104/160 MP: 19/29
 35581 | Elf:1    | Got a slimy war axe
 35739 | Elf:1    | You fall through a shaft!
 35818 | Elf:2    | Found a runed gate.
 35818 | Elf:2    | Found a runed gate.
 35818 | Elf:2    | Found a runed gate.
 36275 | Elf:2    | Noticed Roxanne
 36456 | Elf:2    | Identified a scroll of acquirement
 36795 | Elf:1    | Identified the Grimoire of Confrontation and Summoning
 36860 | Elf:1    | Identified the +11 war axe of Gallantry {flame, +Rage Str+2
                  | Int-5} (You found it on level 1 of the Elven Halls)
 37010 | Elf:2    | Found a radiant altar of Vehumet.
 37185 | Elf:2    | Killed Roxanne
 37185 | Elf:2    | Reached skill level 1 in Axes
 37186 | Elf:2    | Identified Roxanne's Tome of Transmigration (You took it
                  | off Roxanne on level 2 of the Elven Halls)
 37258 | Elf:3    | Entered Level 3 of the Elven Halls
 37456 | Elf:3    | Found Bilashri's Gadget Shoppe.
 37456 | Elf:3    | Found Aqypnont's Jewellery Shop.
 37457 | Elf:3    | Found Legaf Funtut's Jewellery Shop.
 37540 | Elf:3    | Noticed an Ice Fiend
 37545 | Elf:3    | Noticed a Tzitzimitl
 37566 | Elf:3    | Reached XP level 18. HP: 35/171 MP: 1/30
 37573 | Elf:3    | Gained mutation: You do not regenerate when monsters are
                  | visible. [a neqoxec]
 38297 | Elf:3    | Reached skill level 5 in Axes
 38315 | Elf:3    | Noticed a deep elf master archer
 38327 | Elf:3    | HP: 6/171 [deep elf elementalist/rapier (5)]
 38330 | Elf:3    | HP: 2/171 [something (4)]
 38334 | Elf:3    | Shot with an arrow by a deep elf archer

Skill      XL: |  1  2  3  4  5  6  7  8  9 10 11 12 13 14 15 16 17 18 |
---------------+-------------------------------------------------------+-----
Polearms       | 3 4 5 6 8 10 11 13 14 | 14.0
Fighting       | 4 5 6 7 8 9 11 12 13 14 15 16 17 | 17.9
Shields        | 4 5 6 8 9 10 11 12 13 14 15 16 | 16.6
Armour         | 4 6 8 10 11 12 13 | 13.3
Invocations    | 2 5 8 10 12 13 15 16 17 | 17.6
Evocations     | 3 5 |  5.0
Dodging        | 2 5 |  5.0
Axes           | 3 5 |  5.3

Action                   |  1- 3 |  4- 6 |  7- 9 | 10-12 | 13-15 | 16-18 || total
-------------------------+-------+-------+-------+-------+-------+-------++-------
Melee: Trident           |   153 |   400 |   538 |  1029 |  1542 |   948 ||  4610
       War axe           |       |       |       |       |       |   200 ||   200
 Fire: Blowgun           |       |    13 |       |       |       |     3 ||    16
Throw: Tomahawk          |       |       |     1 |       |       |       ||     1
Invok: Upheaval          |       |       |       |     2 |     6 |     7 ||    15
       Elemental Force   |       |       |       |     1 |     5 |     6 ||    12
       Disaster Area     |       |       |       |       |       |     2 ||     2
 Abil: Evoke Berserk Rag |       |       |       |       |       |     1 ||     1
Evoke: Wand              |       |       |       |     2 |       |     2 ||     4
  Use: Potion            |       |     1 |       |     5 |     5 |     7 ||    18
       Scroll            |       |     6 |     1 |    11 |     5 |    10 ||    33
 Stab: Distracted        |       |       |       |       |     1 |     3 ||     4
  Eat: Chunk             |     1 |    12 |    29 |    26 |    12 |    15 ||    95
       Ration            |       |       |     1 |       |     7 |     3 ||    11
Armor: Scale mail        |     8 |       |       |       |       |       ||     8
       Plate armour      |    68 |   197 |   183 |   329 |   397 |   241 ||  1415
       Ice dragon scales |       |       |       |       |     3 |       ||     3
Dodge: Dodged            |    12 |    41 |    42 |   131 |   147 |   196 ||   569
       Deflected         |       |       |       |     2 |    43 |    41 ||    86
Block: Shield            |    65 |   134 |   192 |   552 |  1088 |   806 ||  2837
